 Dungeon Crawl Stone Soup version 0.20-a0-382-g289d6af (webtiles) character file.

1580 Leonis the Shield-Bearer (level 8, -3/42 HPs)
             Began as a Vine Stalker Fighter on Dec 29, 2016.
             Slain by a two-headed ogre
             ... wielding a +0 giant club
              (18 damage)
             ... on level 6 of the Dungeon.
             The game lasted 00:46:25 (3999 turns).

Leonis the Shield-Bearer (Vine Stalker Fighter)     Turns: 3999, Time: 00:46:26

Health: -3/42      AC: 19    Str: 18    XL:     8   Next: 91%
Magic:  0/9        EV:  6    Int:  9    God:
Gold:   316        SH: 10    Dex: 16    Spells: 7/7 levels left

rFire  . . .     SeeInvis .     j - +3 mace (protect)
rCold  + . .     Gourm    .     H - +1 chain mail {rC+}
rNeg   . . .     Faith    .     c - +0 shield
rPois  .         Spirit   +     i - +2 hat
rElec  .         Reflect  .     (no cloak)
rCorr  .         Harm     .     (no gloves)
MR     +....                    (no boots)
Stlth  ..........               J - amulet of magic regeneration
                                (no ring)
                                (no ring)

@: protection aura
A: fangs 3, regeneration 1, magic shield, antimagic bite, no potion heal 3, rot
immunity
a: no special abilities


You were on level 6 of the Dungeon.
You were hungry.

You visited 1 branch of the dungeon, and saw 6 of its levels.
You also visited: Sewer.

You collected 316 gold pieces.

Inventory:

Hand Weapons
 a - a +0 war axe
 j - a +3 mace of protection (weapon)
 B - a +0 spear
 C - a +0 hunting sling
 D - a +0 blowgun
Missiles
 e - 4 tomahawks
 h - 126 stones (quivered)
 o - 21 sling bullets
 E - 10 poisoned needles
 N - 2 steel tomahawks
Armour
 c - a +0 shield (worn)
 i - a +2 hat (worn)
 H - a +1 chain mail of cold resistance (worn)
Magical Staves
 L - an uncursed staff of wizardry
 O - an uncursed staff of energy {unknown}
Jewellery
 J - an amulet of magic regeneration (around neck)
Wands
 b - a wand of lightning (10/15)
 m - a wand of enslavement (13/24)
 I - a wand of acid (5/15)
Scrolls
 k - 3 scrolls of teleportation
 p - 2 scrolls of identify
 r - 2 scrolls of fear {unknown}
 t - 3 scrolls of fog {unknown}
 y - 2 scrolls of blinking {unknown}
 F - a scroll of immolation {unknown}
 K - a scroll of enchant weapon
 M - a scroll of amnesia {unknown}
Potions
 d - 2 potions of might
 q - a potion of flight {unknown}
 v - 2 potions of heal wounds {unknown}
 w - 2 potions of ambrosia {unknown}
 x - 3 potions of haste
 A - a potion of lignification {unknown}
Books
 s - a book of Changes

   Spells                             Type                      Level
   a - Beastly Appendage              Transmutation                1
   b - Sticks to Snakes               Transmutation                2
   c - Spider Form                    Transmutation/Poison         3
   d - Ice Form                       Ice/Transmutation            4
   e - Blade Hands                    Transmutation                5
 z - a book of Minor Magic

   Spells                             Type                      Level
   a - Magic Dart                     Conjuration                  1
   b - Blink                          Translocation                2
   c - Call Imp                       Summoning                    2
   d - Repel Missiles                 Charms/Air                   2
   e - Slow                           Hexes                        2
   f - Conjure Flame                  Conjuration/Fire             3
   g - Mephitic Cloud                 Conjuration/Poison/Air       3
Comestibles
 f - 5 bread rations
 g - 5 fruits
 l - 2 slices of pizza
 n - a royal jelly
 u - 2 meat rations
 G - a beef jerky


   Skills:
 + Level 4.0 Fighting
 + Level 4.6(5.5) Axes
 + Level 4.3(5.3) Maces & Flails
 + Level 2.3 Throwing
 + Level 4.3 Armour
 + Level 2.1 Dodging
 + Level 0.3 Stealth
 + Level 5.1 Shields


You had 7 spell levels left.
You didn't know any spells.

Dungeon Overview and Level Annotations

Branches:
Dungeon (6/15)
 Temple: D:4-7

Altars:
Elyvilon
Gozag
Sif Muna

Annotations:
D:3 1 runed door


Innate Abilities, Weirdness & Mutations

You have razor-sharp teeth.
Your natural rate of healing is unusually fast.
When hurt, damage is shared between your health and your magic reserves.
Your bite disrupts and absorbs the magic of your enemies.
Potions cannot restore your health.
You are immune to rotting.


Message History

Your bite misses the two-headed ogre.
The two-headed ogre is lightly wounded.
You block the two-headed ogre's attack.
The two-headed ogre hits you with a giant spiked club!
You hit the two-headed ogre.
The two-headed ogre is lightly wounded.
The two-headed ogre hits you with a giant club!!
The two-headed ogre completely misses you.
You hit the two-headed ogre. Your bite misses the two-headed ogre.
The two-headed ogre is moderately wounded.
The two-headed ogre hits you but does no damage.
The two-headed ogre barely misses you.
You hit the two-headed ogre but do no damage.
The two-headed ogre is moderately wounded.
The two-headed ogre hits you with a giant club!
You block the two-headed ogre's attack.
You hit the two-headed ogre.
The two-headed ogre is moderately wounded.
The two-headed ogre hits you with a giant club!!
You die...

###### #....# #....#
#....# #######....#
).....O@...+
##########....#
#.............#
...........>.#
#.......#.#..#
#######+#..####.#.##.#
#..........<.##.#.##.#
'..#####.............#
#.##..[##.......#.##..#


You could see a two-headed ogre.

Vanquished Creatures
  2 ice beasts
  2 phantoms (D:4)
  2 ogres
  2 centaurs
  2 bullfrogs (Sewer)
  A scorpion (D:4)
  3 crimson imps (D:6)
  A jelly (D:5)
  2 orc wizards (D:5)
  A hound (D:6)
  A bullfrog skeleton (D:5)
  Ijyb (D:3)
  3 worker ants
  A hound skeleton (D:4)
  A howler monkey zombie (D:5)
  A gnoll (D:2)
  A howler monkey skeleton (D:4)
  15 adders
  11 oozes
  2 worms
  3 dart slugs
  13 leopard geckos
  8 orcs
  17 giant cockroaches
  5 goblins
  4 hobgoblins
  A jackal (D:2)
  3 kobolds
  A quokka (D:5)
  14 ball pythons
  5 bats
  12 frilled lizards
  A quokka skeleton (D:4)
  3 rats (D:2)
145 creatures vanquished.

Vanquished Creatures (others)
  An orc wizard (D:5)
1 creature vanquished.

Grand Total: 146 creatures vanquished

Notes
Turn   | Place    | Note
-------+----------+-------------------------------------------
     0 | D:1      | Leonis the Vine Stalker Fighter began the quest for the Orb.
     0 | D:1      | Reached XP level 1. HP: 11/11 MP: 2/2
   101 | D:1      | Reached XP level 2. HP: 16/16 MP: 3/3
   412 | D:2      | Reached skill level 3 in Shields
   520 | D:2      | Reached XP level 3. HP: 16/19 MP: 4/4
   590 | D:2      | Reached skill level 1 in Maces & Flails
   627 | D:2      | Gained mutation: Your natural rate of healing is unusually fast. [Vine Stalker growth]
   627 | D:2      | Reached XP level 4. HP: 21/23 MP: 5/5
   741 | D:2      | Reached skill level 1 in Throwing
  1314 | D:3      | Reached XP level 5. HP: 28/28 MP: 6/6
  1439 | D:3      | Found a runed door.
  1439 | D:3      | Noticed an angel
  1440 | D:3      | Found a white marble altar of Elyvilon.
  1669 | D:3      | Noticed Ijyb
  1677 | D:3      | Killed Ijyb
  1795 | D:4      | Found a deep blue altar of Sif Muna.
  1907 | D:4      | Noticed a phantom
  1924 | D:4      | Killed a phantom
  1924 | D:4      | Reached XP level 6. HP: 20/32 MP: 7/7
  2058 | D:4      | Reached skill level 1 in Dodging
  2208 | D:4      | Reached XP level 7. HP: 36/36 MP: 8/8
  2242 | D:4      | Reached skill level 4 in Shields
  2442 | D:5      | Entered Level 5 of the Dungeon
  2714 | D:5      | Found an opulent altar of Gozag.
  2780 | D:5      | Gained mutation: You have razor-sharp teeth. [Vine Stalker growth]
  2780 | D:5      | Reached XP level 8. HP: 18/40 MP: 9/9
  3141 | D:5      | Found a glowing drain.
  3148 | Sewer    | Entered a sewer
  3730 | D:6      | Reached skill level 5 in Shields
  3994 | D:6      | Noticed a two-headed ogre
  3999 | D:6      | Slain by a two-headed ogre

Vault maps used:
D:1:      dpeg_arrival_round_c
D:2:      kennysheep_big_flooded_room, first_bread, minmay_cut_off
D:3:      lemuel_angel_altar, uniq_iyjb
D:4:      tgw_sif
D:5:      lightli_sewer_entry_pipes, nicolae_gozag_seed_capital
D:6:      serial_shops, shop, shop, minmay_fire_ice_demons, uniq_sigmund
Sewer:    sewer_frog_island_02

Skill      XL: |  1  2  3  4  5  6  7  8 |
---------------+-------------------------+-----
Shields        | 3 4 5 |  5.1
Maces & Flails | 1 2 3 4 |  4.3
Throwing       | 1 2 |  2.3
Armour         | 3 4 |  4.3
Fighting       | 3 4 |  4.0
Axes           | 2 3 4 |  4.6
Dodging        | 1 2 |  2.1
Stealth        | |  0.3

Action                   |  1- 3 |  4- 6 |  7- 9 || total
-------------------------+-------+-------+-------++-------
Melee: War axe           |    24 |    64 |    66 ||   154
       Bite              |    11 |    43 |    74 ||   128
       Mace              |    45 |    81 |   260 ||   386
Throw: Stone             |    13 |    78 |     6 ||    97
  Use: Scroll            |       |     3 |     6 ||     9
  Eat: Chunk             |       |     5 |     6 ||    11
Armor: Scale mail        |    39 |    88 |       ||   127
       Chain mail        |       |     4 |   232 ||   236
Dodge: Dodged            |    24 |    45 |    76 ||   145
Block: Shield            |    33 |    86 |   182 ||   301
